Get step-by-step instructions on how to execute this build order below. Start the game timer, and the build order will tick by so you can play in parallel with StarCraft on a second screen or mobile device.

Game Time

  0:00

Last Step

  N/A

Next Step

  12  0:00  Probe  

Upcoming Step

  13  0:12  Probe  

Don't want to look back and forth between 2 screens? Try out our Overwolf App, the Spawning Tool Build Advisor to get an in-game overlay with this build!

Complete Build Order

  12  0:00  Probe  
  13  0:12  Probe  
  14  0:17  Pylon  
  14  0:24  Probe (Chrono Boost)  
  15  0:36  Probe (Chrono Boost)  
  15  0:37  Gateway  
  16  0:44  Probe (Chrono Boost)  
  16  0:46  Assimilator  
  17  0:51  Probe  
  17  0:55  Assimilator  
  18  1:03  Probe (Chrono Boost)  
  19  1:08  Gateway  
  20  1:12  Probe (Chrono Boost)  
  20  1:17  Probe (Chrono Boost)  
  20  1:24  Cybernetics Core  
  21  1:29  Probe  
  22  1:35  Pylon  
  22  1:41  Probe  
  23  1:53  Probe  
  24  2:00  Stalker, Sentry, Warp Gate  
  28  2:11  Pylon  
  28  2:17  Probe  
  29  2:23  Sentry  
  31  2:34  Phoenix  
  31  2:37  Nexus  
  31  2:40  Probe  
  31  2:43  Sentry  
  34  2:49  Shield Battery  
  34  2:53  Probe  
  35  3:02  Twilight Council  
  35  3:05  Probe  
  36  3:11  Pylon  
  36  3:17  Probe (Chrono Boost)  
  37  3:21  Stalker  
  39  3:29  Probe (Chrono Boost)  
  39  3:33  Blink (Chrono Boost)  
  40  3:38  Probe (Chrono Boost)  
  41  3:47  Probe (Chrono Boost)  
  42  3:49  Probe (Chrono Boost)  
  43  3:58  Probe (Chrono Boost)  
  43  3:59  Probe (Chrono Boost)  
  45  4:03  Probe (Chrono Boost)  
  45  4:08  Probe  
  47  4:10  Phoenix  
  47  4:15  Probe  
  47  4:16  Nexus  
  48  4:18  Pylon  
  48  4:20  Probe  
  49  4:27  Probe  
  49  4:29  Stalker x2  
  54  4:33  Probe  
  55  4:38  Shield Battery  
  55  4:39  Assimilator, Probe  
  55  4:45  Probe  
  57  4:50  Forge  
  57  4:51  Probe (Chrono Boost)  
  58  4:59  Robotics Facility  
  59  5:02  Probe (Chrono Boost)  
  59  5:04  Probe (Chrono Boost)  
  60  5:07  Stalker x2  
  60  5:11  Charge (Chrono Boost), Probe (Chrono Boost)  
  60  5:13  Probe (Chrono Boost)  
  66  5:15  Pylon  
  66  5:17  Protoss Ground Weapons Level 1 (Chrono Boost)  
  66  5:18  Probe (Chrono Boost)  
  67  5:24  Probe (Chrono Boost)  
  67  5:26  Phoenix  
  67  5:28  Probe (Chrono Boost)  
  69  5:33  Stalker  
  73  5:36  Probe (Chrono Boost)  
  73  5:38  Probe (Chrono Boost)  
  73  5:39  Probe (Chrono Boost)  
  73  5:40  Stalker  
  77  5:43  Probe x2 (Chrono Boost)  
  77  5:45  Observer  
  77  5:46  Probe  
  80  5:50  Gateway, Phoenix  
  80  5:51  Gateway  
  80  5:54  Probe  
  81  5:58  Stalker  
  83  6:04  Gateway  
  83  6:08  Gateway  
  83  6:12  Warp Prism  
  83  6:15  Gateway  
  85  6:18  Gateway  
  85  6:20  Probe x2  
  87  6:30  Nexus  
  87  6:31  Pylon  
  87  6:33  Pylon  
  87  6:37  Zealot x2  
  87  6:39  Pylon  
  91  6:44  Zealot, Templar Archives  
  93  6:48  Pylon  
  93  6:51  Zealot  
  95  6:57  Protoss Ground Weapons Level 2 (Chrono Boost)  
  95  6:59  Immortal  
  95  7:00  Gateway x2  
  99  7:13  Zealot x5  
  99  7:14  Zealot  
  111  7:17  Zealot  
  111  7:18  Zealot  
  111  7:22  Pylon  
  115  7:23  Probe  
  115  7:24  Probe x2  
  114  7:37  Zealot x5  
  114  7:39  Probe x3  
  114  7:42  Probe  
  114  7:43  Immortal (Chrono Boost)  
  118  8:01  High Templar x2  
  118  8:02  Zealot x2  
  118  8:05  Shield Battery  
  120  8:07  Archon  
  120  8:12  Zealot x3  
  126  8:13  Pylon, Immortal (Chrono Boost)  
  130  8:24  Zealot x3  
  136  8:27  Pylon, High Templar x2  
  136  8:32  Archon  
  140  8:34  Zealot x5  
  148  8:42  Pylon  
  148  8:44  Pylon  
  148  8:49  Zealot x3, Pylon  
  148  8:50  Pylon  
  148  8:51  Observer  
  151  9:01  Zealot x6  
  141  9:05  Zealot  
  139  9:12  Observer  
  139  9:15  Photon Cannon  
  140  9:17  Nexus, Photon Cannon  
  140  9:26  Zealot x8  
  140  9:29  Zealot  
  140  9:30  Zealot  
  156  9:32  Pylon  
  156  9:36  Warp Prism  
  158  9:47  High Templar x2  
  158  9:48  Zealot x5  
  168  10:06  Archon  
  158  10:07  Zealot x2  
  158  10:08  Zealot x2  
  158  10:11  Probe x2  
  158  10:12  Probe  
  158  10:13  Zealot  
  158  10:14  Zealot x3  
  173  10:17  Gateway  
  173  10:19  Gateway